 Dungeon Crawl Stone Soup version 0.31.0-11-ge490571c62 (webtiles) character file.

Game seed: 2998450998764138267

562 ezpacito the Chopper (level 7, -1/54 HPs)
             Began as a Demonspawn Berserker on Jan 31, 2024.
             Was a Believer of Trog.
             Slain by an orc
             ... wielding a +0 hand axe
              (2 damage)
             ... on level 5 of the Dungeon.
             The game lasted 00:06:45 (3513 turns).

ezpacito the Chopper (Demonspawn Berserker)         Turns: 3513, Time: 00:06:46

Health: -1/54      AC:  5    Str: 17    XL:     7   Next: 10%
Magic:  7/7        EV: 12    Int: 13    God:    Trog [**....]
Gold:   199        SH:  0    Dex: 15    Spells: 6/6 levels left

rFire   . . .        m - +0 hand axe (distort)
rCold   + . .        (no shield)
rNeg    . . .        A - +2 leather armour {rC+}
rPois   .            (no helmet)
rElec   .            (no cloak)
rCorr   .            (no gloves)
SInv    .            (no boots)
Will    +++..        (no amulet)
Stlth   ++           e - +6 ring of intelligence
HPRegen 1.29/turn    s - ring of willpower
MPRegen 0.10/turn

%: no passive effects
@: strong-willed, on berserk cooldown, regenerating, slowed, very slow
A: claws 1, foul stench 2, powered by pain 1
a: Renounce Religion, Berserk, Trog's Hand


You were on level 5 of the Dungeon.
You worshipped Trog.
Trog was pleased with you.
You visited 1 branch of the dungeon, and saw 5 of its levels.

You collected 199 gold pieces.

Inventory:

Hand Weapons
 m - a +0 hand axe of distortion (weapon)
 o - a +0 war axe
 w - a +1 dagger of protection
 z - a +1 dagger of speed
 F - a +0 sling
Missiles
 b - 4 boomerangs
 c - 50 stones (quivered)
 v - 6 poisoned darts
Armour
 u - a +0 plate armour
 A - a +2 leather armour of cold resistance (worn)
 B - +0 steam dragon scales
 E - a +0 tower shield
Jewellery
 e - a +6 ring of intelligence (left claw)
 r - a ring of ice
 s - a ring of willpower (right claw)
Wands
 a - a wand of roots (17)
 y - a wand of acid (12)
Scrolls
 f - a scroll of revelation {unknown}
 i - a scroll of amnesia {unknown}
 j - a scroll of vulnerability {unknown}
 n - 2 scrolls of teleportation
 p - a scroll of noise
 D - a scroll of brand weapon {unknown}
 G - a scroll of blinking {unknown}
Potions
 g - 2 potions of brilliance
 h - 2 potions of mutation
 k - a potion of might {unknown}
 l - 2 potions of curing {unknown}
 q - a potion of cancellation {unknown}
 t - a potion of degeneration {unknown}
 x - a potion of haste {unknown}


   Skills:
 * Level 4.2 Fighting
 * Level 4.6 Axes
 * Level 0.3 Ranged Weapons
 * Level 2.7 Armour
 * Level 2.8 Dodging
 * Level 2.7 Stealth
 * Level 1.6 Unarmed Combat
 * Level 1.5 Evocations


You had 6 spell levels left.
You didn't know any spells.
Your spell library contained the following spells:

 Spells                   Type           Power      Damage    Failure   Level
 Ensorcelled Hibernation  Hex/Ice        0%         N/A       50%         2
 Mercury Vapours          Alch/Air       0%         N/A       50%         2
 Volatile Blastmotes      Fire/Tloc      0%         2d10      73%         3
 Airstrike                Air            0%         2d(0-16)  98%         4
 Fulminant Prism          Conj/Alch      0%         3d5       98%         4
 Iskenderun's Mystic Bla  Conj/Tloc      0%         2d3       98%         4
 Petrify                  Alch/Erth      0%         N/A       98%         4
 Metabolic Englaciation   Hex/Ice        0%         N/A       100%        5


Dungeon Overview and Level Annotations

Branches:
Dungeon (5/15)
 Temple: D:4-7

Altars:
Cheibriados
Hepliaklqana
Kikubaaqudgha
Uskayaw

Shops:
D:1 =

Annotations:
D:5 Prince Ribbit


Innate Abilities, Weirdness & Mutations

You have sharp fingernails.
You sometimes emit foul miasma when damaged in melee.
You sometimes gain a little power by taking damage.


Message History

Prince Ribbit is engulfed in dark miasma.
Prince Ribbit looks even sicker.
Prince Ribbit closely misses you. The white imp gestures at you.
The puff of frost hits you. You resist.
* * * LOW HITPOINT WARNING * * *
The orc throws a boomerang.
The boomerang hits you.
* * * LOW HITPOINT WARNING * * *
The orc wizard misses you. The orc closely misses you.
Prince Ribbit is engulfed in dark miasma.
Prince Ribbit looks as sick as possible!
Prince Ribbit misses you.
The orc wizard hits you but does no damage.
The orc completely misses you. The orc barely misses you.
Okay, then.
Okay, then.
Okay, then.
Okay, then.
Prince Ribbit is engulfed in dark miasma.
Prince Ribbit looks as sick as possible!
Prince Ribbit hits you.
* * * LOW HITPOINT WARNING * * *
Prince Ribbit is engulfed in dark miasma.
Prince Ribbit looks as sick as possible!
Prince Ribbit seems to slow down.
Prince Ribbit blinks!
The air fills with toxic fumes!
As you read the scroll labelled HOIRAETHROI, it crumbles to dust.
It was a scroll of poison.
Prince Ribbit is no longer moving slowly.
The orc barely misses you. The orc wizard misses you.
The orc hits you with a +0 whip.
* * * LOW HITPOINT WARNING * * *
Your skin crawls.
You feel strong-willed. The orc hits you with a +0 whip.
* * * LOW HITPOINT WARNING * * *
The white imp gestures at you. The puff of frost hits you. You resist.
* * * LOW HITPOINT WARNING * * *
The orc hits you with a +0 hand axe.
You die...

#.####....#... §§§§§§
#.........#... ..
§§§§####..§......... .
§§§§§§#..§§........>
.###. §§§§§##§§§.#.....##
.§§§§##§§§§§§§...#.....##
##§§§§#§§§§§...###....###
.§§§§§§§§§##.........##
.#.#oo§o@§#####......#
.§§§§§§o○§§# ##....#..#
.§§§#§§§o§####....## # .§
##§#§5##......#
#§#§§§...##..# #§##)§§..#
#.... §. ##§§### #.... §.
#.§F§. #.... ..........#
....


You could see Prince Ribbit (extremely poisoned), an orc wizard, a white imp and
4 orcs.

Vanquished Creatures
  A steam dragon (D:4)
  Duvessa (D:4)
  Dowan (D:4)
  2 howler monkeys (D:5)
  A jelly (D:5)
  An orc priest (D:3)
  A hound skeleton (D:3)
  2 adders
  A gnoll (D:1)
  2 adder skeletons (D:3)
  A dart slug (D:2)
  A ribbon worm (D:2)
  9 orcs
  8 endoplasms
  6 giant cockroaches
  5 goblins
  2 hobgoblins
  7 kobolds
  3 quokkas
  6 ball pythons
  3 bats
  5 frilled lizards
  3 quokka skeletons (D:3)
  4 rats
76 creatures vanquished.

Notes
Turn   | Place    | Note
-------+----------+-------------------------------------------
     0 | D:1      | ezpacito the Demonspawn Berserker began the quest for the
                  | Orb.
     0 | D:1      | Reached XP level 1. HP: 18/18 MP: 1/1
    45 | D:1      | Found Byeri's One-of-a-Kind Rings.
   175 | D:1      | Gained mutation: You sometimes gain a little power by
                  | taking damage. [demonic ancestry]
   175 | D:1      | Reached XP level 2. HP: 11/24 MP: 2/2
   979 | D:2      | Gained mutation: You may rarely emit foul miasma when
                  | damaged in melee. [demonic ancestry]
   979 | D:2      | Reached XP level 3. HP: 29/29 MP: 3/3
  1763 | D:3      | Reached skill level 1 in Stealth
  1763 | D:3      | Gained mutation: You have sharp fingernails. [demonic
                  | ancestry]
  1763 | D:3      | Reached XP level 4. HP: 36/37 MP: 4/4
  1783 | D:3      | Reached ** piety under Trog
  2090 | D:3      | Found a faded altar of an unknown god.
  2233 | D:3      | Reached skill level 1 in Unarmed Combat
  2233 | D:3      | Reached XP level 5. HP: 35/42 MP: 5/5
  2753 | D:4      | Noticed a steam dragon
  2784 | D:4      | Killed a steam dragon
  2785 | D:4      | Reached skill level 1 in Evocations
  2785 | D:4      | Reached XP level 6. HP: 48/48 MP: 6/6
  2937 | D:4      | Noticed Duvessa
  2940 | D:4      | Noticed Dowan
  2950 | D:4      | Killed Dowan
  2953 | D:4      | Killed Duvessa
  3068 | D:4      | Found a hazy altar of Hepliaklqana.
  3068 | D:4      | Found a snail-covered altar of Cheibriados.
  3069 | D:4      | Found a hide-covered altar of Uskayaw.
  3125 | D:4      | Got the Tractate on Interference and Gases
  3227 | D:4      | Got the Almanac of Levity
  3442 | D:5      | Entered Level 5 of the Dungeon
  3492 | D:5      | Noticed Prince Ribbit
  3498 | D:5      | Found an ancient bone altar of Kikubaaqudgha.
  3501 | D:5      | Gained mutation: You sometimes emit foul miasma when
                  | damaged in melee. [demonic ancestry]
  3501 | D:5      | Reached XP level 7. HP: 54/54 MP: 7/7
  3513 | D:5      | HP: 1/54 [white imp/puff of frost (3)]
  3513 | D:5      | Slain by an orc

Illustrated notes

Levels and vault maps discovered:
D:1:      amcnicky_arrival_feature_with_door, layout_loops_ring,
          chequers_serial_rivers_room_b, nicolae_shop_unique_rings,
          skrybe_limestone_x
D:2:      layout_loops_ring, minmay_heptomino_h4
D:3:      layout_basic, ebering_ecumenical_altar_abandoned, serial_undead,
          serial_undead_d, serial_undead_b, serial_undead_a, serial_undead_c,
          serial_undead_c, serial_undead_c, st_stairs_8
D:4:      layout_gridville, chequers_temple_overflow_statue_of_worship,
          zin_scriptorium, uniq_duvessa
D:5:      layout_cave_pools, minmay_temple_entry_large_hall,
          hangedman_feature_mirror, grunt_ministairs_11,
          uniq_crazy_yiuf_cottage, uniq_prince_ribbit1, uniq_eustachio,
          uniq_ijyb

Skill      XL: |  1  2  3  4  5  6 |
---------------+-------------------+-----
Axes           | 3 4 |  4.6
Dodging        | 2 |  2.8
Armour         | 2 |  2.7
Stealth        | 1 2 |  2.7
Unarmed Combat | 1 |  1.6
Evocations     | 1 |  1.5
Fighting       | 4 |  4.2
Ranged Weapons | |  0.3

Action                     |  1- 3 |  4- 6 |  7- 9 || total
---------------------------+-------+-------+-------++-------
  Melee: Hand axe          |    90 |    88 |     6 ||   184
         Punch             |     2 |     1 |     1 ||     4
 Invoke: Berserk           |     1 |     3 |       ||     4
         Trog's Hand       |       |       |     1 ||     1
    Use: Scroll            |       |     4 |     1 ||     5
   Stab: Sleeping          |     3 |     4 |       ||     7
 Armour: Animal skin       |    41 |    15 |       ||    56
         Plate armour      |       |    18 |       ||    18
         Leather armour    |       |    21 |    14 ||    35
  Dodge: Dodged            |    57 |    43 |    10 ||   110
